 Dungeon Crawl Stone Soup version 0.30.1-11-g7821555f0a (webtiles) character file.

Game seed: 16267621201549964065

1478 PaiMei the Grave Robber (level 8, 0/54 HPs)
             Began as a Demonspawn Necromancer on Jan 5, 2024.
             Slain by an ice beast (4 damage)
             ... on level 6 of the Dungeon.
             The game lasted 00:07:09 (7681 turns).

PaiMei the Grave Robber (Demonspawn Necromancer)    Turns: 7681, Time: 00:07:10

Health: 0/54       AC:  6    Str:  8    XL:     8   Next: 50%
Magic:  2/15       EV: 14    Int: 20    God:
Gold:   328        SH:  4    Dex: 15    Spells: 13/17 levels left

rFire   . . .        w - +1 dagger of Kiprudek {vamp, Drain rElec Int+2 SInv}
rCold   . . .        (no shield)
rNeg    . . .        a - +0 robe
rPois   .            (no helmet)
rElec   +            l - +0 cloak
rCorr   .            (no gloves)
SInv    +            j - +0 pair of boots
Will    .....        (no amulet)
Stlth   +++          (no ring)
HPRegen 0.29/turn    (no ring)
MPRegen 0.14/turn

%: no passive effects
@: no status effects
A: rugged brown scales 2, condensation shield
a: no special abilities


You were on level 6 of the Dungeon.
You visited 1 branch of the dungeon, and saw 6 of its levels.

You collected 328 gold pieces.

Inventory:

Hand Weapons
 c - a +0 dagger
 s - a +0 rapier
 w - the +1 dagger of Kiprudek (weapon) {vamp, Drain rElec Int+2 SInv}
   (You found it on level 4 of the Dungeon)

   Int:       It affects your intelligence (+2).
   rElec:     It insulates you from electricity.
   SInv:      It lets you see invisible.
   Drain:     It drains your maximum health when unequipped.
Armour
 a - a +0 robe (worn)
 j - a +0 pair of boots (worn)
 l - a +0 cloak (worn)
Jewellery
 f - a +6 ring of strength
Wands
 n - a wand of paralysis (20)
Scrolls
 g - 4 scrolls of poison {unknown}
 h - a scroll of fog {unknown}
 i - a scroll of amnesia {unknown}
 m - 2 scrolls of identify {unknown}
 o - 4 scrolls of enchant armour {unknown}
 y - 2 scrolls of immolation {unknown}
 z - a scroll of magic mapping {unknown}
Potions
 b - 2 potions of magic
 d - 3 potions of lignification {unknown}
 e - 2 potions of degeneration {unknown}
 k - 2 potions of brilliance {unknown}
 p - 2 potions of mutation {unknown}
 q - a potion of attraction {unknown}
 r - 2 potions of invisibility {unknown}
 t - a potion of curing {unknown}
 u - a potion of might
 v - a potion of haste
 x - a potion of cancellation {unknown}


   Skills:
 + Level 5.0 Dodging
 + Level 5.5 Stealth
 + Level 5.2 Spellcasting
 + Level 7.3 Necromancy


You had 13 spell levels left.
You knew the following spells:

 Your Spells              Type           Power      Damage    Failure   Level
a - Necrotise             Necr           100%       1d9       1%          1
b - Vampiric Draining     Necr           34%        2d8       1%          3

Your spell library contained the following spells:

 Spells                   Type           Power      Damage    Failure   Level
 Kiss of Death            Conj/Necr      76%        2d11      2%          1
 Animate Dead             Necr           34%        N/A       5%          4
 Dispel Undead            Necr           34%        3d15      5%          4
 Summon Small Mammal      Summ           20%        N/A       12%         1
 Agony                    Necr           34%        N/A       16%         5
 Call Canine Familiar     Summ           5%         N/A       34%         3
 Confusing Touch          Hex            5%         N/A       34%         3
 Gell's Gravitas          Tloc           5%         N/A       34%         3
 Summon Guardian Golem    Hex/Summ       5%         N/A       34%         3
 Teleport Other           Tloc           5%         N/A       34%         3
 Iskenderun's Battlesphe  Conj           5%         2d6       97%         5
 Dispersal                Tloc           2%         N/A       100%        6
 Iron Shot                Conj/Erth      2%         9d2       100%        6
 Spellforged Servitor     Conj/Summ      2%         N/A       100%        7


Dungeon Overview and Level Annotations

Branches:
Dungeon (6/15)
 Temple: D:4-7

Altars:
Ru

Annotations:
D:2 1 runed translucent door, Crazy Yiuf


Innate Abilities, Weirdness & Mutations

You are mostly covered in rugged brown scales. (AC +2, +5% HP)
A meltable shield of frost defends you. (SH +4)


Message History

The orc priest misses you.
The ice beast hits you but does no damage.
The orc priest closely misses you.
You hit the orc priest.
The orc priest is moderately wounded.
The orc priest calls down the wrath of Beogh upon you.
Beogh smites you!
The ice beast hits you but does no damage.
The orc priest hits you with a +0 club.
You hit the orc priest.
You feel better.
The orc priest is moderately wounded.
The ice beast hits you. The ice beast freezes you!
* * * LOW HITPOINT WARNING * * *
The orc priest barely misses you.
The orc priest casts a cantrip, but nothing happens.
Casting: Vampiric Draining (safe; 1% risk of failure)
Confirm with . or Enter, or press ? or * to list all spells.
You don't have enough magic to cast this spell.
You hit the orc priest but do no damage.
The orc priest is moderately wounded.
The orc priest hits you with a +0 whip.
* * * LOW HITPOINT WARNING * * *
The ice beast misses you.
The orc priest looks encouraged for a moment.
Casting: Vampiric Draining (safe; 1% risk of failure)
Confirm with . or Enter, or press ? or * to list all spells.
You don't have enough magic to cast this spell.
You closely miss the orc priest.
The orc priest is moderately wounded.
The ice beast misses you. You block the orc priest's attack.
The orc priest looks satisfied for a moment.
Casting: Vampiric Draining (safe; 1% risk of failure)
Confirm with . or Enter, or press ? or * to list all spells.
You don't have enough magic to cast this spell.
You barely miss the orc priest.
The orc priest is moderately wounded.
The orc priest hits you with a +0 whip.
* * * LOW HITPOINT WARNING * * *
The ice beast hits you.
You die...

.. #Z##.####... . .
####.##....#.## ..
.##.#...Z.#.##..# ..
#...#####.....#.#
#.####.#.#####....<..#
###......#.#......######
.......)...)..)....>....
#####Yo..#.####.#..##.
#@####......#..# #o#
#.#.......# #.#
..#.####.## ..# ... . .#
..# .... #. # ...# ....
.# ...#.....# . ....#


You could see an ice beast and 2 orc priests.

Vanquished Creatures
  An ice beast (D:5)
  An orc warrior (D:6)
  A black bear (D:5)
  4 ogres
  4 scorpions
  A howler monkey (D:4)
  3 hounds (D:4)
  2 jellies
  An iguana (D:4)
  2 sleepcaps
  Natasha (thrice) (D:2)
  2 orc wizards
  4 gnolls
  5 adders
  2 worms
  3 dart slugs
  14 orcs
  5 ball pythons
  4 endoplasms
  3 giant cockroaches
  8 goblins
  5 hobgoblins
  3 jackals (D:2)
  5 quokkas
  7 bats
  3 frilled lizards (D:1)
  6 kobolds
  6 rats
108 creatures vanquished.

Vanquished Creatures (collateral kills)
  A scorpion (D:4)
  A goblin (D:3)
  A ball python (D:3)
3 creatures vanquished.

Grand Total: 111 creatures vanquished

Notes
Turn   | Place    | Note
-------+----------+-------------------------------------------
     0 | D:1      | PaiMei the Demonspawn Necromancer began the quest for the
                  | Orb.
     0 | D:1      | Reached XP level 1. HP: 13/13 MP: 3/3
   183 | D:1      | Gained mutation: A meltable shield of frost defends you.
                  | (SH +4) [demonic ancestry]
   183 | D:1      | Reached XP level 2. HP: 17/19 MP: 3/5
   804 | D:1      | Reached XP level 3. HP: 24/24 MP: 2/6
   808 | D:1      | Learned a level 3 spell: Vampiric Draining
  1598 | D:2      | Noticed Natasha
  1603 | D:2      | Killed Natasha
  1761 | D:2      | Reached XP level 4. HP: 30/30 MP: 4/7
  2025 | D:2      | Noticed Natasha
  2029 | D:2      | Killed Natasha
  2030 | D:2      | Reached skill level 5 in Necromancy
  2262 | D:2      | Found a runed translucent door.
  2263 | D:2      | Noticed Crazy Yiuf
  2788 | D:3      | Reached XP level 5. HP: 19/35 MP: 4/9
  2959 | D:2      | Noticed Natasha
  2965 | D:2      | Killed Natasha
  4062 | D:4      | Noticed an ogre
  4354 | D:4      | Reached XP level 6. HP: 40/41 MP: 3/11
  5145 | D:4      | Reached skill level 6 in Necromancy
  5145 | D:4      | Gained mutation: You are partially covered in rugged brown
                  | scales. (AC +1, +3% HP) [demonic ancestry]
  5145 | D:4      | Reached XP level 7. HP: 22/47 MP: 0/13
  6041 | D:4      | Identified the +1 dagger of Kiprudek {vamp, Drain rElec
                  | Int+2 SInv}
  6361 | D:5      | Entered Level 5 of the Dungeon
  6632 | D:5      | Gained mutation: You are mostly covered in rugged brown
                  | scales. (AC +2, +5% HP) [demonic ancestry]
  6632 | D:5      | Reached XP level 8. HP: 47/54 MP: 2/15
  6827 | D:5      | Found a sacrificial altar of Ru.
  6867 | D:5      | Reached skill level 5 in Stealth
  7069 | D:5      | Reached skill level 7 in Necromancy
  7134 | D:5      | Reached skill level 5 in Spellcasting
  7671 | D:6      | Reached skill level 5 in Dodging
  7681 | D:6      | Slain by an ice beast

Illustrated notes

Levels and vault maps discovered:
D:1:      psy_arrival_dodecagon, layout_basic
D:2:      layout_basic, uniq_natasha, uniq_crazy_yiuf_cottage
D:3:      layout_basic
D:4:      layout_layer_cave, minmay_starry_boxes
D:5:      layout_gridville, mainiacjoe_overflow_surrounded_room
D:6:      layout_basic, gammafunk_ghost_grave, minmay_manual_macuahuitl

Skill      XL: |  1  2  3  4  5  6  7  8 |
---------------+-------------------------+-----
Stealth        | 2 3 4 5 |  5.5
Dodging        | 2 3 4 5 |  5.0
Necromancy     | 5 6 7 |  7.3
Spellcasting   | 3 4 5 |  5.2

Action                     |  1- 3 |  4- 6 |  7- 9 || total
---------------------------+-------+-------+-------++-------
  Melee: Dagger            |     4 |    10 |    24 ||    38
         Rapier            |       |    10 |       ||    10
         Punch             |       |       |     2 ||     2
   Cast: Necrotise         |    66 |    96 |    75 ||   237
         Vampiric Draining |       |     8 |    20 ||    28
 Armour: Robe              |     4 |     7 |    13 ||    24
  Dodge: Dodged            |     7 |    29 |    51 ||    87
  Block: Other             |     6 |    11 |    11 ||    28
